 Dungeon Crawl Stone Soup version 0.29-a0-233-g1125b37a9b (webtiles) character file.

Game seed: 6497933142503784214

2576 siradein the Reanimator (level 9, -5/62 HPs)
             Began as a Ghoul Necromancer on Mar 2, 2022.
             Slain by a manticore (23 damage)
             ... on level 8 of the Dungeon.
             The game lasted 00:45:31 (12442 turns).

siradein the Reanimator (Ghoul Necromancer)        Turns: 12442, Time: 00:45:32

Health: -5/62      AC:  5    Str: 12    XL:     9   Next: 57%
Magic:  19/19      EV: 12    Int: 14    God:
Gold:   147        SH:  0    Dex:  9    Spells: 11/23 levels left

rFire   . . .      SeeInvis .   q - +10 dark maul {vorpal}
rCold   + . .      Faith    .   (shield currently unavailable)
rNeg    + + +      Spirit   .   a - +0 robe
rPois   ∞          Reflect  .   j - +0 helmet
rElec   .          Harm     .   (no cloak)
rCorr   .          Rampage  .   b - +1 pair of gloves
Will    .....                   (no boots)
Stlth   ++........              (no amulet)
HPRegen 0.00/turn               (no ring)
MPRegen 0.16/turn               (no ring)

@: inhibited regen
A: claws 1, cold resistance 1, negative energy resistance 3, inhibited
regeneration, torment resistance 2
a: no special abilities


You were on level 8 of the Dungeon.
You visited 2 branches of the dungeon, and saw 9 of its levels.
You also visited: Ossuary.

You collected 620 gold pieces.
You spent 473 gold pieces at shops.

Inventory:

Hand Weapons
 h - a +0 trident of protection
 n - a +0 vampiric spear
 q - the +10 dark maul (weapon) {vorpal}
   (You found it on level 2 of the Dungeon)

   It inflicts extra damage upon your enemies.
 u - a +2 spear of venom
Armour
 a - a +0 robe (worn)
 b - a +1 pair of gloves (worn)
 j - a +0 helmet (worn)
 E - a +1 plate armour of fire resistance
 I - a +0 buckler
Magical Staves
 t - a staff of earth
Wands
 f - a wand of mindburst (6)
 l - a wand of polymorph (3)
 w - a wand of flame (22)
 C - a wand of paralysis (11)
Scrolls
 c - 8 scrolls of teleportation
 e - 2 scrolls of immolation
 g - a scroll of enchant armour {unknown}
 m - 3 scrolls of blinking {unknown}
 p - 2 scrolls of fog {unknown}
 r - a scroll of summoning {unknown}
 s - 5 scrolls of noise {unknown}
 x - a scroll of silence {unknown}
 y - 3 scrolls of enchant weapon {unknown}
 z - a scroll of fear {unknown}
 B - 3 scrolls of vulnerability {unknown}
 D - a scroll of magic mapping
 F - a scroll of holy word {unknown}
 G - a scroll of identify
 H - a scroll of brand weapon {unknown}
Potions
 d - 2 potions of cancellation {unknown}
 i - a potion of might {unknown}
 k - 5 potions of flight
 o - 2 potions of curing
 v - a potion of ambrosia
 A - 2 potions of invisibility


   Skills:
 - Level 1.7 Dodging
 - Level 2.1 Stealth
 + Level 7.7 Spellcasting
 + Level 9.9 Necromancy


You had 11 spell levels left.
You knew the following spells:

 Your Spells              Type           Power      Damage    Failure   Level
a - Pain                  Necr           100%       1d9       1%          1
b - Vampiric Draining     Necr           33%        2d8       1%          3
c - Animate Dead          Necr           16%        N/A       2%          4
d - Dispel Undead         Necr           33%        3d14      2%          4

Your spell library contained the following spells:

 Spells                   Type           Power      Damage    Failure   Level
 Animate Skeleton         Necr           66%        N/A       1%          1
 Agony                    Necr           33%        N/A       6%          5
 Excruciating Wounds      Necr           16%        N/A       6%          5
 Ensorcelled Hibernation  Hex/Ice        10%        N/A       21%         2
 Passwall                 Tmut/Erth      4%         N/A       21%         2
 Scorch                   Fire           10%        2d6       21%         2
 Static Discharge         Conj/Air       5%         N/A       21%         2
 Gell's Gravitas          Tloc           5%         N/A       36%         3
 Swiftness                Air            5%         N/A       36%         3
 Teleport Other           Tloc           5%         N/A       36%         3
 Flame Wave               Conj/Fire      5%         2d5       78%         4
 Fulminant Prism          Conj/Hex       2%         3d6       78%         4
 Iskenderun's Mystic Bla  Conj/Tloc      5%         2d3       78%         4
 Sticky Flame             Conj/Fire      5%         2d3       78%         4
 Lee's Rapid Deconstruct  Erth           2%         3d6*      98%         5
 Dispersal                Tloc           2%         N/A       100%        6
 Summon Cactus Giant      Summ           2%         N/A       100%        6


Dungeon Overview and Level Annotations

Branches:
Dungeon (8/15)             Temple (1/1) D:5         Ossuary (visited)
   Lair: D:8-11

Altars:
Cheibriados
Dithmenos
Elyvilon
Fedhas
Gozag
Hepliaklqana
Nemelex Xobeh
Okawaru
Qazlal
Ru
Sif Muna
Trog
Uskayaw
Vehumet
Wu Jian
Xom
Yredelemnul
Zin
The Shining One

Shops:
D:1 (   D:5 ?   D:6 *   D:8 :


Innate Abilities, Weirdness & Mutations

You thrive by killing the living.
You are immune to poison.
You have sharp fingernails.
Your flesh is cold resistant. (rC+)
You are immune to negative energy. (rN+++)
You do not regenerate when monsters are visible.
You are immune to unholy pain and torment.


Message History

The gnoll barely misses you.
Unknown command.
Casting: Vampiric Draining (safe; 1% risk of failure)
Confirm with . or Enter, or press ? or * to list all spells.
Aiming: Vampiric Draining (safe; 1% risk of failure)
Press: ? - help, Shift-Dir - straight line, f/p - gnoll
Aim: a gnoll, wielding a +0 club (heavily wounded)
You draw life force from the gnoll!
You kill the gnoll!
You feel better.
You feel life coursing into your body.
Unknown command.
You start resting.
Magic restored.
HP restored.
Things that are here:
a +0 club; a potion of lignification A manticore comes into view.
The manticore moves out of view.
A gnoll is nearby!
Press: ? - help, v - describe, . - travel
Here: a manticore (wandering, hasn't noticed you)
The floor.
Unknown command.
Unknown command.
You feel the dreadful sensation subside.
q - the +10 dark maul (weapon)
{vorpal} A gnoll comes into view. It is wielding a +0 club.
The gnoll shouts!
Found an inky potion.
The manticore flicks its tail.
The volley of spikes misses you. The manticore bites you!!
The manticore claws you. x2
You pound the manticore like an anvil!!!
The manticore is almost dead.
You hear a shout!
The manticore closely misses you. The manticore claws you.
The manticore misses you. x2; The manticore claws you.
The manticore claws you!
* * * LOW HITPOINT WARNING * * *
The manticore bites you!!
You die...

....##..).......# .. .
.......#..##....##.. ..
###...##.####g#...# !.
#.#####....###....## .##.
#....†h..#.##....... .....
#.########.......###......
..###..#####..###.........
#.#.###.####..##........#+
#....)......#...@.......#
#.#.#####...#..H......###
#####.#.........##....'..
.....#.....#.#..##....###
...........#.#..........
..................#.....#
.................##......
g..#..........#... ....
...#......


You could see a manticore.

Vanquished Creatures
  Sigmund (D:3)
  A wyvern (D:8)
  A water moccasin (D:7)
  2 ogres
  A centaur (D:5)
  2 bullfrogs (D:6)
  A necrophage (D:7)
  4 gnoll sergeants
  2 scorpions
  5 wights (D:7)
  3 howler monkeys (D:8)
  A hound (D:5)
  2 gnoll shamans
  4 orc priests
  Terence (D:2)
  3 iguanas
  7 orc wizards
  8 mummies (Ossuary)
  22 gnolls
  7 adders
  A shadow imp (D:6)
  A white imp (D:5)
  An ufetubus (D:6)
  3 worms
  4 dart slugs
  19 orcs
  14 ball pythons
  4 bats
  9 endoplasms
  5 giant cockroaches
  5 goblins
  7 hobgoblins
  2 jackals (D:5)
  2 quokkas
  3 frilled lizards
  A gnoll zombie (Ossuary)
  4 hobgoblin zombies (Ossuary)
  7 kobolds
  2 kobold zombies (Ossuary)
  An orc zombie (Ossuary)
  6 rats
179 creatures vanquished.

Notes
Turn   | Place    | Note
-------+----------+-------------------------------------------
     0 | D:1      | siradein the Ghoul Necromancer began the quest for the Orb.
     0 | D:1      | Reached XP level 1. HP: 14/14 MP: 2/2
    58 | D:1      | Found Keom's Weapon Shoppe.
   150 | D:1      | Reached XP level 2. HP: 11/20 MP: 0/4
   778 | D:1      | Reached XP level 3. HP: 16/26 MP: 0/5
  1009 | D:1      | Found a faded altar of an unknown god.
  1841 | D:2      | Noticed Terence
  1880 | D:2      | Killed Terence
  1881 | D:2      | Reached XP level 4. HP: 10/33 MP: 0/7
  2167 | D:2      | Reached skill level 5 in Necromancy
  2756 | D:2      | Reached XP level 5. HP: 38/38 MP: 3/8
  2934 | D:2      | Learned a level 3 spell: Vampiric Draining
  2939 | D:2      | Learned a level 4 spell: Animate Dead
  2977 | D:2      | Found the +10 dark maul {vorpal}
  3918 | D:3      | Reached XP level 6. HP: 42/45 MP: 3/10
  4129 | D:3      | Noticed Sigmund
  4351 | D:3      | Reached skill level 6 in Necromancy
  4475 | D:3      | Killed Sigmund
  4476 | D:3      | Reached XP level 7. HP: 13/50 MP: 4/12
  5948 | D:5      | Entered Level 5 of the Dungeon
  6084 | D:5      | Found an iron altar of Okawaru.
  6104 | D:5      | Reached skill level 5 in Spellcasting
  6104 | D:5      | Reached skill level 7 in Necromancy
  6856 | D:5      | Reached XP level 8. HP: 41/57 MP: 3/15
  7016 | D:5      | Found Huduth's Magic Scroll Emporium.
  7026 | D:5      | Bought a scroll of magic mapping for 49 gold pieces
  7026 | D:5      | Bought a scroll of identify for 28 gold pieces
  7026 | D:5      | Bought a scroll of identify for 28 gold pieces
  7026 | D:5      | Bought a scroll of identify for 28 gold pieces
  7026 | D:5      | Bought a scroll of identify for 28 gold pieces
  7395 | D:5      | Found a shimmering blue altar of Sif Muna.
  7526 | D:5      | Found a staircase to the Ecumenical Temple.
  7536 | Temple   | Entered the Ecumenical Temple
  8178 | D:6      | HP: 2/57 [gnoll sergeant/+0 vorpal spear (1)]
  8612 | D:6      | Found Ufoa's Overcharged Wands.
  8852 | D:6      | Reached skill level 8 in Necromancy
 10043 | D:6      | Found a snail-covered altar of Cheibriados.
 10818 | D:7      | Found a sand-covered staircase.
 10834 | Ossuary  | Entered an ossuary
 10946 | Ossuary  | Reached XP level 9. HP: 32/62 MP: 18/18
 11130 | Ossuary  | Reached skill level 9 in Necromancy
 11471 | D:7      | Noticed a manticore
 11692 | D:7      | HP: 1/62 [wight/+0 morningstar (12)]
 12194 | D:8      | Found Ufirypol's Book Boutique.
 12204 | D:8      | Bought a book of Touch for 312 gold pieces
 12209 | D:8      | Learned a level 4 spell: Dispel Undead
 12428 | D:8      | Noticed a manticore
 12442 | D:8      | Slain by a manticore

Illustrated notes

Levels and vault maps discovered:
D:1:      minmay_arrival_jagged, layout_loops_cross,
          dreamdust_ecumenical_altar_grove, serial_shops, shop,
          due_unseen_surprise
D:2:      layout_loops_ring, uniq_terence, uniq_robin
D:3:      layout_basic, grunt_ministairs_4, uniq_sigmund
D:4:      layout_loops_ring
D:5:      layout_loops_ring, okawaru_ov_weapons_minmay,
          kennysheep_orc_sif_temple, temple_hall, serial_shops, shop,
          nicolae_figureground_sparkle
D:6:      layout_basic, cheibrodos_worm_habitat, serial_rivers,
          chequers_serial_rivers_room_a, chequers_serial_rivers_micro_d,
          chequers_serial_rivers_small_3, chequers_serial_rivers_micro_b,
          kennysheep_another_room, nicolae_shop_overcharged_wands
D:7:      layout_loops_ring, nicolae_ossuary_entry_plus
D:8:      layout_cave_pools, mainiacjoe_overflow_cross_hatched,
          lair_entry_dummy, serial_shops, nicolae_shop_hallway_plus,
          shop_statue, shop, nicolae_square_shop, grunt_decor_fettered,
          uniq_prince_ribbit1
Temple:   nicolae_temple_elliptical

Skill      XL: |  1  2  3  4  5  6  7  8  9 |
---------------+----------------------------+-----
Spellcasting   | 2 3 4 5 6 7 |  7.7
Necromancy     | 5 6 7 8 9 |  9.9
Dodging        | |  1.7
Stealth        | |  2.1

Action                   |  1- 3 |  4- 6 |  7- 9 || total
-------------------------+-------+-------+-------++-------
Melee: Unarmed           |    16 |       |       ||    16
       Flail             |     4 |       |       ||     4
       Dagger            |       |    46 |       ||    46
       Trident           |       |     4 |    11 ||    15
       Short sword       |       |       |    58 ||    58
       Punch             |       |       |     3 ||     3
       Spear             |       |       |    65 ||    65
       Maul              |       |       |    38 ||    38
 Cast: Pain              |    80 |   101 |   175 ||   356
       Vampiric Draining |       |       |    54 ||    54
       Animate Dead      |       |       |     2 ||     2
  Use: Scroll            |     1 |       |     9 ||    10
Armor: Robe              |     2 |    11 |    64 ||    77
       Plate armour      |       |       |    60 ||    60
Dodge: Dodged            |    24 |    30 |   183 ||   237

Table legend: (Time is in decaauts)
 A = Elapsed time spent in this place.
 B = Non-inter-level travel time spent in this place.
 C = Inter-level travel time spent in this place.
 D = Time resting spent in this place.
 E = Time spent auto-exploring this place.
 F = Levels seen in this place.
 G = Mean time per level.
                   A        B        C        D        E       F      G
               +--------+--------+--------+--------+--------+-----+--------+
         Total |  12548 |  12382 |    166 |   1826 |   7881 |  10 | 1254.8 |
       Dungeon |  11860 |  11694 |    166 |   1826 |   7367 |   8 | 1482.5 |
        Temple |    172 |    172 |      0 |      0 |    118 |   1 |  172.0 |
       Ossuary |    515 |    515 |      0 |      0 |    396 |   1 |  515.0 |
               +--------+--------+--------+--------+--------+-----+--------+

Top non-repeatable levels by time:
     D:6: 2724 daAuts
     D:5: 1946 daAuts
     D:1: 1822 daAuts
     D:3: 1508 daAuts
     D:2: 1476 daAuts
     D:4: 1143 daAuts
     D:7: 921 daAuts
 Ossuary: 515 daAuts
     D:8: 317 daAuts
  Temple: 172 daAuts
